 Dungeon Crawl Stone Soup version 0.25.0-10-g039870e (webtiles) character file.

Game seed: 5455717113570401145

2023 shmeve the Shield-Bearer (level 9, -2/69 HPs)
             Began as a Formicid Fighter on June 22, 2020.
             Slain by Maggie
             ... wielding a +4 scimitar of freezing
              (6 damage)
             ... on level 6 of the Dungeon.
             The game lasted 00:15:20 (6453 turns).

shmeve the Shield-Bearer (Formicid Fighter)         Turns: 6453, Time: 00:15:21

Health: -2/69      AC:  8    Str: 24    XL:     9   Next: 47%
Magic:  9/9        EV: 10    Int:  8    God:
Gold:   334        SH: 11    Dex: 10    Spells: 8/8 levels left

rFire    . . .     SeeInvis +   a - +0 war axe
rCold    . . .     Gourm    .   c - +0 kite shield
rNeg     . . .     Faith    .   b - +0 scale mail
rPois    .         Spirit   .   (helmet unavailable)
rElec    .         Reflect  .   E - +0 cloak {rCorr}
rCorr    +         Harm     .   (no gloves)
MR       .....                  (no boots)
Stlth    ..........             (no amulet)
HPRegen  0.21/turn              (no ring)
MPRegen  0.11/turn              (no ring)

@: lethally poisoned (-2 -> -3), mesmerised
A: permanent stasis, dig shafts and tunnels, four strong arms, antennae 3
a: Dig, Shaft Self


You were on level 6 of the Dungeon.
You were very hungry.

You visited 2 branches of the dungeon, and saw 7 of its levels.
You also visited: Sewer.

You collected 334 gold pieces.

Inventory:

Hand Weapons
 a - a +0 war axe (weapon)
 u - the +10 hunting sling of Sokous {freeze, +Blink rElec Str+4 Dex+3}
   (You found it on level 5 of the Dungeon)

   It causes projectiles fired from it to freeze those they strike, causing
   extra injury to most foes and up to half again as much damage against
   particularly susceptible opponents.
   They can also slow down cold-blooded creatures.
   It affects your strength (+4).
   It affects your dexterity (+3).
   It insulates you from electricity.
   It lets you blink.
Missiles
 w - 18 sling bullets
 F - 5 silver boomerangs (quivered)
Armour
 b - a +0 scale mail (worn)
 c - a +0 kite shield (worn)
 E - a +0 cloak of preservation (worn)
Jewellery
 i - a +4 ring of evasion {unknown}
 v - a +6 ring of strength {unknown}
Wands
 y - a wand of polymorph (14)
Scrolls
 g - 2 scrolls of immolation {unknown}
 k - 2 scrolls of blinking
 l - 2 scrolls of random uselessness {unknown}
 m - 9 scrolls of identify
 p - 3 scrolls of enchant weapon {unknown}
 q - 4 scrolls of enchant armour {unknown}
 t - 4 scrolls of remove curse {unknown}
 z - a scroll of amnesia {unknown}
 A - a scroll of summoning {unknown}
 C - a scroll of fog {unknown}
 D - a scroll of teleportation {unknown}
 G - a scroll of fear {unknown}
Potions
 d - a potion of stabbing {unknown}
 e - 3 potions of flight {unknown}
 h - 2 potions of cancellation {unknown}
 j - 6 potions of magic {unknown}
 n - 2 potions of haste {unknown}
 o - 4 potions of curing
 r - a potion of degeneration {unknown}
 s - a potion of resistance {unknown}
 x - 5 potions of heal wounds {unknown}
 B - a potion of brilliance {unknown}
 H - a potion of might
Comestibles
 f - 11 rations


   Skills:
 * Level 6.2 Fighting
 * Level 6.7 Axes
 * Level 4.1(4.4) Slings
 - Level 2.2(3.3) Throwing
 + Level 5.6 Armour
 - Level 2.0 Dodging
 - Level 0.3 Stealth
 * Level 7.1 Shields


You had 8 spell levels left.
You didn't know any spells.
Your spell library contained the following spells:

 Spells                   Type           Power        Failure   Level  Hunger
 Animate Skeleton         Necr           N/A          83%         1    ##.....
 Apportation              Tloc           #.....       83%         1    ##.....
 Corona                   Hex            #......      83%         1    ##.....
 Magic Dart               Conj           #...         83%         1    ##.....
 Summon Small Mammal      Summ           #...         83%         1    ##.....
 Call Imp                 Summ           #.......     92%         2    ###....
 Slow                     Hex            #.......     92%         2    ###....
 Call Canine Familiar     Summ           #.......     99%         3    ####...
 Conjure Flame            Conj/Fire      #.......     99%         3    ####...
 Mephitic Cloud           Conj/Pois/Air  #.......     99%         3    ####...
 Summon Guardian Golem    Hex/Summ       #.......     99%         3    ####...
 Summon Ice Beast         Ice/Summ       #.......     100%        4    #####..
 Summon Lightning Spire   Summ/Air       #.......     100%        4    #####..
 Blink                    Tloc           Unusable     N/A         2    N/A

Dungeon Overview and Level Annotations

Branches:
Dungeon (6/15)             Temple (1/1) D:4           Sewer (visited)

Altars:
Elyvilon
Fedhas
Gozag
Hepliaklqana
Makhleb
Qazlal
Ru
Sif Muna
Trog
Uskayaw
Vehumet
Wu Jian
Xom

Annotations:
D:5 5 runed translucent doors
D:6 Maggie


Innate Abilities, Weirdness & Mutations

You cannot be hasted, slowed, berserked, paralysed or teleported.
You can dig through walls and to a lower floor.
Your four strong arms can wield two-handed weapons with a shield.
You have a pair of large antennae on your head. (SInv)


Message History

The orc hits you.
* * * LOW HITPOINT WARNING * * *
You closely miss Maggie.
Maggie is moderately wounded.
You closely miss the bullfrog. You closely miss the orc.
You hit the adder but do no damage. You block the bullfrog's attack.
You block Maggie's attack. The adder bites you but does no damage.
The orc barely misses you. The bullfrog hits you.
* * * LOW HITPOINT WARNING * * *
You hit Maggie.
Maggie is moderately wounded.
You miss the crimson imp. You closely miss the adder. You slash the orc!
You kill the orc!
You closely miss the bullfrog. The adder bites you.
* * * LOW HITPOINT WARNING * * *
You block the bullfrog's attack. You block the crimson imp's attack.
Maggie hits you with a +4 scimitar of freezing!
* * * LOW HITPOINT WARNING * * *
Maggie freezes you.
You die...

########## .(...##.........
#....##......... ### #.....
#....##......... ..#
#.....#######....###....##..
..####....+.(........# #....##..
.....#....# #........# #....##..
.....#....# #.@F[...#####'####..
.....#....# #.#@S.####<....#....
.....#....####.#.5........###.###
.............^...................
#.........##..............###.###
#.........##.....................
..........#..................####
#.........#............##........
#.........#...#.###..........####
#.........#...........###.#..####


You could see Maggie (mesmerising), a bullfrog, a crimson imp and an adder.

Vanquished Creatures
  Grinder (D:5)
  Prince Ribbit (D:5)
  Sigmund (D:3)
  Eustachio (D:6)
  Edmund (D:5)
  2 ice beasts
  2 phantoms (D:6)
  2 ogres
  A howler monkey (D:4)
  3 crimson imps
  A bullfrog zombie (D:6)
  A hound (D:6)
  An orc priest (D:4)
  Crazy Yiuf (D:5)
  2 centaur skeletons
  An iguana (D:5)
  An orc wizard (D:6)
  A worker ant (D:4)
  13 adders
  6 river rats (Sewer)
  2 shadow imps (D:6)
  An adder skeleton (D:4)
  3 worms
  A dart slug (D:1)
  4 leopard geckos
  12 orcs
  3 ball pythons
  6 bats
  5 giant cockroaches
  6 goblins
  8 hobgoblins
  9 jackals
  10 frilled lizards
  2 kobolds (D:1)
  13 rats
128 creatures vanquished.

Notes
Turn   | Place    | Note
-------+----------+-------------------------------------------
     0 | D:1      | shmeve the Formicid Fighter began the quest for the Orb.
     0 | D:1      | Reached XP level 1. HP: 18/18 MP: 1/1
   147 | D:1      | Reached XP level 2. HP: 18/24 MP: 2/2
   401 | D:1      | Found a shimmering altar of Xom.
   475 | D:1      | Reached skill level 4 in Shields
   476 | D:1      | Reached XP level 3. HP: 19/29 MP: 3/3
   914 | D:2      | Found a faded altar of an unknown god.
   974 | D:2      | Reached XP level 4. HP: 26/36 MP: 4/4
  1954 | D:3      | Reached XP level 5. HP: 41/41 MP: 5/5
  2025 | D:3      | Noticed Sigmund
  2037 | D:3      | Killed Sigmund
  2037 | D:3      | Reached skill level 1 in Throwing
  2037 | D:3      | Reached skill level 1 in Dodging
  2037 | D:3      | Reached XP level 6. HP: 28/48 MP: 6/6
  2226 | D:3      | Found a bloodstained altar of Trog.
  2852 | D:4      | Found a staircase to the Ecumenical Temple.
  2861 | D:4      | Reached XP level 7. HP: 54/54 MP: 7/7
  2866 | Temple   | Entered the Ecumenical Temple
  3358 | D:4      | Reached skill level 5 in Shields
  3749 | D:4      | Found a shimmering altar of Xom.
  3749 | D:4      | Found an ornate altar of the Wu Jian Council.
  3910 | D:5      | Entered Level 5 of the Dungeon
  3910 | D:5      | Noticed Grinder
  3918 | D:5      | Killed Grinder
  3918 | D:5      | Reached skill level 5 in Axes
  3918 | D:5      | Reached XP level 8. HP: 25/61 MP: 8/8
  3921 | D:5      | Found a runed translucent gate.
  3930 | D:5      | Found a runed translucent gate.
  3930 | D:5      | Found a runed translucent gate.
  3931 | D:5      | Got a bloodstained hunting sling
  3940 | D:4      | Identified the +10 hunting sling of Sokous {freeze, +Blink
                  | rElec Str+4 Dex+3} (You found it on level 5 of the Dungeon)
  4223 | D:5      | Reached skill level 1 in Slings
  4266 | D:5      | Found a runed translucent door.
  4266 | D:5      | Noticed Edmund
  4280 | D:5      | Killed Edmund
  4402 | D:5      | Noticed Prince Ribbit
  4409 | D:5      | Killed Prince Ribbit
  4409 | D:5      | Reached skill level 5 in Fighting
  4409 | D:5      | Reached skill level 5 in Armour
  4409 | D:5      | Reached skill level 6 in Shields
  4420 | D:5      | Found the +9 staff of Olgreb {rPois∞}
  4480 | D:5      | Found a runed translucent door.
  4915 | D:5      | Found a runed translucent door.
  4916 | D:5      | Noticed Crazy Yiuf
  4926 | D:5      | Killed Crazy Yiuf
  5157 | D:6      | Reached XP level 9. HP: 67/68 MP: 9/9
  5183 | D:6      | Noticed Eustachio
  5214 | D:6      | Killed Eustachio
  5422 | D:6      | Found a hazy altar of Hepliaklqana.
  5488 | D:6      | Found a glowing drain.
  5534 | Sewer    | Entered a sewer
  5810 | Sewer    | Reached skill level 7 in Shields
  6440 | D:6      | Noticed Maggie
  6453 | D:6      | Slain by Maggie

Illustrated notes

Levels and vault maps discovered:
D:1:      dpeg_arrival_snail, layout_basic, kennysheep_flooded_box
D:2:      layout_basic, first_ration, chequers_ecumenical_altar_simple_redux
D:3:      layout_basic, bloody_trog, uniq_sigmund
D:4:      layout_loops_ring, gammafunk_temple_overflow_wave,
          minmay_temple_entry_waves
D:5:      layout_loops_ring, minmay_guarded_unrand_staff_of_olgreb,
          uniq_prince_ribbit1, uniq_crazy_yiuf_cottage, uniq_edmund,
          uniq_grinder
D:6:      layout_basic, nicolae_overflow_crystal_walls, gup_sewer_entry_glass,
          grunt_ministairs_15, minmay_checkerbox, uniq_maggie, uniq_eustachio
Temple:   compressed_dpeg_triangle_lava_temple

Skill      XL: |  1  2  3  4  5  6  7  8  9 |
---------------+----------------------------+-----
Shields        | 4 5 6 7 |  7.1
Armour         | 4 5 |  5.6
Axes           | 3 4 5 6 |  6.7
Throwing       | 1 2 |  2.2
Dodging        | 1 2 |  2.0
Fighting       | 4 5 6 |  6.2
Slings         | 2 4 |  4.1
Stealth        | |  0.3

Action                   |  1- 3 |  4- 6 |  7- 9 || total
-------------------------+-------+-------+-------++-------
Melee: War axe           |    69 |   102 |   184 ||   355
 Fire: Hunting sling     |       |       |    74 ||    74
 Abil: Dig               |       |       |     2 ||     2
  Use: Potion            |       |     1 |       ||     1
       Scroll            |       |       |     2 ||     2
  Eat: Chunk             |       |     6 |     8 ||    14
       Ration            |       |       |     1 ||     1
Armor: Scale mail        |    36 |    41 |    74 ||   151
Dodge: Dodged            |    28 |    41 |    75 ||   144
Block: Kite shield       |    47 |    58 |   130 ||   235
